AoeStats
← P4NDY

Lombardia

509977248Analyzed
2v2 RM · 4d ago on Sep 28, 2026· 71m 24s· 4 players
Game mode
Random Map
Map size
Medium (4 player)
Population
200
Speed
Normal
Resources
Standard
Victory
Conquest
Starting age
Dark Age
Ending age
Imperial Age
RankedLock teamsTeams togetherTeam positionsShared explorationLock speedFull tech treeHidden civsTurbo modeCheats
Victory
Defeat
🇬🇷 Franks · Greece
439
+17
🇺🇸 Poles · United States
433
+17
🇮🇹 Burgundians · Italy
519
-19
🇨🇴 Bohemians · Colombia
411
-15
karao13
6:48 Loom
12:05 Feudal Age
15:20 Wheelbarrow
14:37 Double-Bit Axe
14:57 Gold Mining
21:04 Castle Age
19:48 Forging
21:34 Pikeman
22:15 Squires
25:07 Scale Barding Armor
25:41 Bow Saw
26:07 Husbandry
26:17 Stone Mining
27:22 Hand Cart
32:24 Gold Shaft Mining
31:47 Man-at-Arms
32:59 Scale Mail Armor
37:11 Imperial Age
38:02 Fortified Wall
37:35 Treadmill Crane
38:11 Cavalier
39:36 Chain Barding Armor
39:47 Conscription
39:40 Chivalry
43:38 Iron Casting
45:19 Chemistry
44:42 Ballistics
47:25 Paladin
52:10 Caravan
51:52 Elite Throwing Axeman
TheFoustAffectTTV
11:29 Feudal Age
18:21 Castle Age
19:13 Light Cavalry
20:04 Bloodlines
23:17 Double-Bit Axe
24:57 Bow Saw
27:05 Forging
34:55 Iron Casting
34:26 Scale Barding Armor
34:23 Scale Mail Armor
38:15 Imperial Age
38:30 Winged Hussar
39:32 Chain Mail Armor
39:36 Elite Obuch
56:43 Blast Furnace
56:14 Plate Mail Armor
56:05 Chain Barding Armor
58:17 Squires
58:02 Arson
bs-32
11:09 Feudal Age
10:17 Double-Bit Axe
10:16 Horse Collar
15:26 Bow Saw
21:47 Castle Age
19:43 Gold Mining
19:44 Stone Mining
21:22 Gold Shaft Mining
22:46 Heavy Plow
30:08 Forging
29:58 Scale Mail Armor
30:04 Scale Barding Armor
30:00 Padded Archer Armor
29:50 Fletching
31:39 Stone Shaft Mining
33:03 Iron Casting
32:44 Chain Mail Armor
32:49 Chain Barding Armor
35:30 Imperial Age
34:05 Leather Archer Armor
33:45 Bodkin Arrow
35:52 Burgundian Vineyards
36:51 Plate Mail Armor
37:23 Blast Furnace
37:32 Blast Furnace
38:12 Elite Coustillier
43:57 Crop Rotation
43:32 Capped Ram
45:10 Plate Barding Armor
44:37 Bracer
P4NDY
14:32 Feudal Age
15:14 Double-Bit Axe
16:16 Wheelbarrow
18:14 Town Watch
19:12 Arson
21:01 Horse Collar
26:12 Castle Age
28:34 Hand Cart
28:22 Town Patrol
28:26 Squires
27:47 Pikeman
30:02 Caravan
34:09 Imperial Age
33:24 Bow Saw
33:20 Heavy Plow
33:14 Loom
36:23 Chemistry
35:43 Masonry
35:56 Ballistics
35:34 Murder Holes
37:53 Houfnice
40:38 Two-Man Saw
39:56 Elite Skirmisher
42:21 Wagenburg Tactics
43:10 Elite Hussite Wagon
45:20 Halberdier
46:23 Fortified Wall
57:14 Conscription
Connection lost

Rejoining the realm…

Still unreachable

The connection could not be restored.

Session expired

The server has moved on; the page needs a fresh start.